 Dungeon Crawl Stone Soup version 0.30-a0-39-g42789b21ef (webtiles) character file.

Game seed: 11224784152950433392

2520 nucleargodhead the Grappler (level 9, -5/82 (92) HPs)
             Began as a Troll Berserker on Aug 28, 2022.
             Was an Elder of Trog.
             Slain by a wight
             ... wielding a +3 great sword
              (6 damage)
             ... on level 7 of the Dungeon.
             The game lasted 00:05:53 (4396 turns).

nucleargodhead the Grappler (Troll Berserker)       Turns: 4396, Time: 00:05:54

HP:   -5/82 (92)    AC:  5    Str: 31    XL:     9   Next: 29%
MP:   8/8           EV: 10    Int:  3    God:    Trog [****..]
Gold: 315           SH: 14    Dex: 15    Spells: 8/8 levels left

rFire   . . .      SeeInvis .      - Unarmed
rCold   . . .      Faith    .    y - +2 kite shield {rPois}
rNeg    . . .      Spirit   .    a - +0 animal skin
rPois   +          Reflect  +    (helmet restricted)
rElec   .          Harm     .    n - +0 cloak
rCorr   .          Rampage  .    (gloves unavailable)
Will    .....                    (boots unavailable)
Stlth   +.........               p - amulet of reflection
HPRegen 1.03/turn                r - ring of flight
MPRegen 0.11/turn                A - +6 ring of dexterity

@: on berserk cooldown, flying, slowed, heavily drained, very slow
A: large, unfitting armour, claws 3, regeneration 1, shaggy fur 1, tough skin 1
a: Renounce Religion, Berserk, Trog's Hand, Brothers in Arms


You were on level 7 of the Dungeon.
You worshipped Trog.
Trog was greatly pleased with you.
You visited 1 branch of the dungeon, and saw 7 of its levels.

You collected 315 gold pieces.

Inventory:

Armour
 a - a +0 animal skin (worn)
 n - a +0 cloak (worn)
 y - a +2 kite shield of poison resistance (worn)
Jewellery
 k - a ring of fire
 p - an amulet of reflection (around neck)
 r - a ring of flight (left claw)
 A - a +6 ring of dexterity (right claw)
 B - a ring of protection from cold
Wands
 s - a wand of flame (13)
Scrolls
 b - 3 scrolls of amnesia
 c - 2 scrolls of teleportation {unknown}
 e - 2 scrolls of fog {unknown}
 g - a scroll of blinking {unknown}
 h - a scroll of enchant weapon {unknown}
 i - 5 scrolls of identify
 m - 3 scrolls of enchant armour {unknown}
 t - a scroll of silence {unknown}
 u - 2 scrolls of noise {unknown}
Potions
 d - a potion of lignification {unknown}
 f - a potion of degeneration {unknown}
 j - a potion of invisibility {unknown}
 l - a potion of attraction {unknown}
 o - a potion of flight {unknown}
 q - a potion of might {unknown}
 v - a potion of cancellation {unknown}
 w - a potion of brilliance {unknown}
 x - 2 potions of ambrosia {unknown}
 z - 2 potions of curing {unknown}


   Skills:
 + Level 6.9 Fighting
 - Level 5.8 Dodging
 + Level 8.3 Unarmed Combat


You had 8 spell levels left.
You didn't know any spells.
Your spell library was empty.

Dungeon Overview and Level Annotations

Branches:
Dungeon (7/15)             Temple (0/1) D:6

Altars:
Dithmenos
Gozag
Okawaru
Trog
Yredelemnul
The Shining One


Innate Abilities, Weirdness & Mutations

You are too large for most types of armour.
You have claws for hands.
Your natural rate of healing is unusually fast.
You are covered in fur. (AC +1)
You have tough skin. (AC +1)


Message History

You feel drained.
You are too injured to fight recklessly!
You are too injured to fight recklessly!
You are too injured to fight recklessly!
You are too injured to fight recklessly!
You scratch the wight.
The wight is lightly damaged.
You closely miss the wight.
The wight is lightly damaged.
The kobold brigand misses you.
You claw the wight!
The wight is heavily damaged.
The kobold brigand barely misses you. You block the wight's attack.
You barely miss the wight.
The wight is heavily damaged.
You block the wight's attack. You block the kobold brigand's attack.
The wight hits you with a +3 great sword!
You feel drained.
You closely miss the wight.
The wight is heavily damaged.
Unknown command.
You closely miss the wight.
The wight is heavily damaged.
You block the kobold brigand's attack.
The wight hits you with a +3 great sword!
The wight hits you with a +4 war axe!
You feel a strong urge to attack something.
You are no longer berserk.
You are exhausted.
You feel yourself slow down.
As you read the scroll labelled XES HAIS ITAXT, it crumbles to dust.
It is a scroll of identify.
b - 3 scrolls of amnesia The wight hits you with a +3 great sword!
* * * LOW HITPOINT WARNING * * *
The wight attacks as you move away!
The wight hits you with a +3 great sword!
* * * LOW HITPOINT WARNING * * *
You feel drained.
You die...

## .<..... #
#..... ## #....z
.# ##..... #.#
#....zK###### ...
......z)z...#
.#####.....K####K#
.# #..##.# #z# .#
# #>. #@# .# #.
#.# .##### #. #.#
...... # #.#
...### #.# ....###
#.# ....... #.#
....## #># ...##
#.#


You could see a kobold brigand and a wight.

Vanquished Creatures
  Sigmund (D:5)
  Edmund (D:5)
  An orc warrior (D:7)
  Duvessa (D:7)
  A black bear (D:5)
  2 ice beasts (D:5)
  A sky beast (D:6)
  4 ogres
  A centaur (D:7)
  A bullfrog (D:5)
  A gnoll sergeant (D:6)
  5 scorpions
  3 necrophages
  Dowan (D:7)
  A jelly (D:6)
  Crazy Yiuf (D:2)
  3 hounds
  An orc priest (D:5)
  2 iguanas (D:5)
  3 orc wizards
  10 gnolls
  8 adders
  A white imp (D:5)
  3 worms
  3 dart slugs
  23 orcs
  8 endoplasms
  12 giant cockroaches
  4 goblins
  4 hobgoblins
  2 jackals (D:4)
  10 quokkas
  11 ball pythons
  8 bats
  13 kobolds
  3 rats
158 creatures vanquished.

Notes
Turn   | Place    | Note
-------+----------+-------------------------------------------
     0 | D:1      | nucleargodhead the Troll Berserker began the quest for the
                  | Orb.
     0 | D:1      | Reached XP level 1. HP: 22/22 MP: 0/0
    62 | D:1      | Reached XP level 2. HP: 10/29 MP: 1/1
   335 | D:1      | Reached XP level 3. HP: 36/36 MP: 2/2
   424 | D:1      | Reached ** piety under Trog
  1131 | D:2      | Found a runed translucent door.
  1132 | D:2      | Noticed Crazy Yiuf
  1487 | D:2      | Reached XP level 4. HP: 43/45 MP: 3/3
  1594 | D:2      | Killed Crazy Yiuf
  1632 | D:3      | Reached skill level 4 in Unarmed Combat
  1705 | D:3      | Found a basalt altar of Yredelemnul.
  1780 | D:3      | Reached XP level 5. HP: 53/53 MP: 4/4
  1810 | D:3      | Found a shadowy altar of Dithmenos.
  1847 | D:3      | Identified the +0 scale mail of Restlessness {rPois rC-
                  | Regen+ Int+7}
  1989 | D:3      | Found an iron altar of Okawaru.
  2107 | D:4      | Found a bloodstained altar of Trog.
  2117 | D:4      | Reached *** piety under Trog
  2288 | D:4      | Noticed an ogre
  2296 | D:4      | Killed an ogre
  2297 | D:4      | Reached XP level 6. HP: 44/62 MP: 5/5
  2535 | D:4      | Found a glowing golden altar of the Shining One.
  2874 | D:5      | Entered Level 5 of the Dungeon
  2895 | D:5      | Reached skill level 5 in Unarmed Combat
  2899 | D:5      | Noticed an ice beast
  2908 | D:5      | Killed an ice beast
  2909 | D:5      | Reached XP level 7. HP: 70/71 MP: 6/6
  3062 | D:5      | Reached **** piety under Trog
  3111 | D:5      | Reached skill level 5 in Fighting
  3111 | D:5      | Reached skill level 5 in Dodging
  3111 | D:5      | Reached skill level 6 in Unarmed Combat
  3184 | D:5      | Reached XP level 8. HP: 80/80 MP: 7/7
  3242 | D:5      | Found an opulent altar of Gozag.
  3338 | D:5      | Noticed Edmund
  3355 | D:5      | Killed Edmund
  3442 | D:5      | Noticed Sigmund
  3453 | D:5      | Killed Sigmund
  3636 | D:6      | Reached skill level 7 in Unarmed Combat
  3762 | D:6      | Found a staircase to the Ecumenical Temple.
  4008 | D:6      | Reached XP level 9. HP: 89/89 MP: 8/8
  4197 | D:7      | Noticed Dowan
  4197 | D:7      | Noticed Duvessa
  4211 | D:7      | Killed Duvessa
  4217 | D:7      | Killed Dowan
  4218 | D:7      | Reached skill level 8 in Unarmed Combat
  4396 | D:7      | HP: 1/85 [wight/+3 great sword (17)]
  4396 | D:7      | Slain by a wight

Illustrated notes

Levels and vault maps discovered:
D:1:      mrwooster_arrival_statue_3, layout_basic
D:2:      minmay_roachtagon, layout_rooms, dreamdust_princess_bridge,
          minmay_crystal_room, uniq_crazy_yiuf_cottage
D:3:      layout_rooms, nicolae_dithmenos_shadow_blocks, okawaru_trees_1,
          mainiacjoe_overflow_catwalk, grunt_ministairs_2
D:4:      layout_loops_ring, trog_antimagical, nicolae_tso_swordbearing_angel
D:5:      layout_rooms, kennysheep_little_box, sigmund_edmund_badplayer
D:6:      layout_gridville, minmay_temple_entry_gardened_gates
D:7:      layout_loops_ring, hangedman_ru_absence, grunt_decor_fettered,
          uniq_duvessa

Skill      XL: |  1  2  3  4  5  6  7  8  9 |
---------------+----------------------------+-----
Fighting       | 3 4 5 6 |  6.9
Dodging        | 3 4 5 |  5.8
Unarmed Combat | 4 5 6 7 8 |  8.3

Action                   |  1- 3 |  4- 6 |  7- 9 || total
-------------------------+-------+-------+-------++-------
Melee: Unarmed           |   111 |   161 |   199 ||   471
       Punch             |     1 |     3 |     4 ||     8
Invok: Berserk           |     1 |     1 |     4 ||     6
  Use: Scroll            |       |       |     1 ||     1
 Stab: Sleeping          |       |       |     2 ||     2
Armor: Animal skin       |    50 |    53 |    23 ||   126
Dodge: Dodged            |    60 |    65 |    64 ||   189
Block: Other             |       |    30 |    25 ||    55
       Kite shield       |       |       |    44 ||    44

Table legend: (Time is in decaauts)
 A = Elapsed time spent in this place.
 B = Non-inter-level travel time spent in this place.
 C = Inter-level travel time spent in this place.
 D = Time resting spent in this place.
 E = Time spent auto-exploring this place.
 F = Levels seen in this place.
 G = Mean time per level.
                   A        B        C        D        E       F      G
               +--------+--------+--------+--------+--------+-----+--------+
         Total |   4403 |   4308 |     95 |    186 |   3165 |   7 |  629.0 |
       Dungeon |   4403 |   4308 |     95 |    186 |   3165 |   7 |  629.0 |
               +--------+--------+--------+--------+--------+-----+--------+

Top non-repeatable levels by time:
     D:1: 1095 daAuts
     D:4: 808 daAuts
     D:5: 682 daAuts
     D:6: 603 daAuts
     D:2: 542 daAuts
     D:3: 432 daAuts
     D:7: 238 daAuts
